cohdb
Replays
Latest Replays
All Replays
Popular Replays
Top Player Replays
Match Explorer
How It Works
Community
CoH3 Stats
Reddit
Sign in to upload your games and track your stats! →
Sign in with Steam
Match 41967208
Unlisted
Match 41967208
Overview
Messages
Build Orders
End
Construct Infanterie Kompanie
Selects Mechanized Battlegroup
Grenadier Squad
Grenadier Squad
Medical Station
MG 42 Machine Gun Team
GrW 34 Mortar Team
Construct Panzergrenadier Kompanie
Pak 40 Anti-tank Gun Team
Panzergrenadier Squad
Selects Mobile Repair Stations
Panzergrenadier Squad
Selects Wespe Self-propelled Artillery
Panzergrenadier Officer Quarters
Support Elements
StuG III G Assault Gun
Pioneer Squad
251 Medium Carrier
Pak 40 Anti-tank Gun Team
Selects Raid Package
MG 42 Machine Gun Team
Infanterie Officer Quarters
Selects StuG Assault Group
StuG III G Assault Gun
Side Skirts
Nebelwerfer 42 Rocket Launcher Team
Selects UNKNOWN (2160084)
251 Medium Carrier
StuG III G Assault Gun
Wespe Self-propelled Artillery
MG 42 Machine Gun Team
Brotkrümel
Maj. OrWhatafaq
neko chan
Insomniac
0
0
Comments
sign in to comment!
No comments posted yet!